 Dungeon Crawl Stone Soup version 0.21.0-3-g78d12a8 (webtiles) character file.

4 Monsterracer the Chiller (level 1, -1/16 HPs)
             Began as a Hill Orc Ice Elementalist on Jan 17, 2018.
             Slain by a goblin
             ... wielding a +0 club
              (5 damage)
             ... on level 1 of the Dungeon.
             The game lasted 00:00:28 (305 turns).

Monsterracer the Chiller (Hill Orc Ice Elementalist) Turns: 305, Time: 00:00:29

Health: -1/16      AC:  2    Str: 10    XL:     1   Next: 70%
Magic:  3/3        EV: 12    Int: 15    God:
Gold:   10         SH:  0    Dex: 11    Spells: 2/3 levels left

rFire    . . .     SeeInvis .   g - +0 hand axe
rCold    . . .     Gourm    .   (no shield)
rNeg     . . .     Faith    .   a - +0 robe
rPois    .         Spirit   .   (no helmet)
rElec    .         Reflect  .   (no cloak)
rCorr    .         Harm     .   (no gloves)
MR       .....                  (no boots)
Stlth    ++........             (no amulet)
HPRegen  0.05/turn              (no ring)
MPRegen  0.08/turn              (no ring)

@: no status effects
A: no striking features
a: no special abilities


You were on level 1 of the Dungeon.
You were not hungry.

You visited 1 branch of the dungeon, and saw 1 of its levels.

You collected 10 gold pieces.

Inventory:

Hand Weapons
 g - a +0 hand axe (weapon)
Armour
 a - a +0 robe (worn)
Scrolls
 d - 2 scrolls of remove curse {unknown}
Potions
 f - a potion of degeneration {unknown}
Books
 b - a book of Frost

   Spells                             Type                      Level
   a - Freeze                         Ice                          1
   b - Throw Frost                    Conjuration/Ice              2
   c - Ozocubu's Armour               Charms/Ice                   3
   d - Throw Icicle                   Conjuration/Ice              4
   e - Summon Ice Beast               Ice/Summoning                4
Comestibles
 c - a ration


   Skills:
 - Level 1.4 Fighting
 + Level 0.0 Axes
 - Level 1.5 Dodging
 - Level 1.5 Stealth
 - Level 1.5 Spellcasting
   Level 1.0 Conjurations
 - Level 2.6 Ice Magic


You had 2 spell levels left.
You knew the following spells:

 Your Spells              Type           Power        Failure   Level  Hunger
a - Freeze                Ice            #...         8%          1    ##.....


Dungeon Overview and Level Annotations

Branches:
Dungeon (1/15)

Altars:


Message History

Key pressed, stopping explore.
Things that are here:
a club; a hobgoblin corpse
d - a scroll labeled VIEFAJ WAFF Health restored: 16; MP restored: 3 A bat comes into view.
Found a scroll labeled VIEFAJ WAFF.
Found a stone staircase leading down.
A bat is nearby!
A bat is nearby!
A hobgoblin comes into view. It is wielding a club.
The hobgoblin shouts!
You miss the bat. The bat misses you.
Casting: Freeze
Confirm with . or Enter, or press ? or * to list all spells.
You can't see any susceptible monsters within range! (Use Z to cast anyway.)
The bat closely misses you.
You miss the bat. The bat closely misses you.
Casting: Freeze
Confirm with . or Enter, or press ? or * to list all spells.
You can't see any susceptible monsters within range! (Use Z to cast anyway.) Unknown command.
Casting: Freeze
Confirm with . or Enter, or press ? or * to list all spells.
You can't see any susceptible monsters within range! (Use Z to cast anyway.) Unknown command.
Casting: Freeze
Confirm with . or Enter, or press ? or * to list all spells.
You can't see any susceptible monsters within range! (Use Z to cast anyway.)
The bat hits you.
There is a stone staircase leading down here.
You take 1 damage, and have 15/16 hp.
Casting: Freeze
Confirm with . or Enter, or press ? or * to list all spells.
Aiming: Freeze
Press: ? - help, Shift-Dir - straight line, f - hobgoblin
Aim: a hobgoblin, wielding a club You freeze the hobgoblin.
You kill the hobgoblin!
The bat misses you.
You now have 2/3 mp.
Casting: Freeze
Confirm with . or Enter, or press ? or * to list all spells.
Aiming: Freeze
Press: ? - help, Shift-Dir - straight line, f - bat
Aim: a bat You freeze the bat.
The bat is severely wounded.
The bat hits you but does no damage. x2
You now have 1/3 mp.
Casting: Freeze
Confirm with . or Enter, or press ? or * to list all spells.
Aiming: Freeze
Press: ? - help, Shift-Dir - straight line, f/p - bat
Aim: a bat (severely wounded)
You freeze the bat.
You kill the bat!
Casting: Freeze
Confirm with . or Enter, or press ? or * to list all spells.
You don't have enough magic to cast that spell.
You now have 0/3 mp.
Things that are here:
a club; a hobgoblin corpse; Health restored: 16
e - a club Wield which item (- for none, * to show all)? (? for menu, Esc to quit)
e - a +0 club (weapon)
Found a stone staircase leading down.
MP restored: 3
d - 2 scrolls labeled VIEFAJ WAFF (gained 1)
f - a blue potion
Found a hand axe.
A frilled lizard comes into view.
An ooze and a goblin come into view.
The ooze quivers.
The frilled lizard hisses angrily.
Found a sedimented blue potion.
Found a bubbling brown potion.
Found 21 bolts.
The goblin shouts!
You hear a shout!
A hobgoblin comes into view. It is wielding a club.
You see here a hand axe.
g - a hand axe The hobgoblin moves out of view.
The goblin hits you but does no damage.
A goblin comes into view. It is wielding a club.
Wield which item (- for none, * to show all)? (? for menu, Esc to quit)
g - a +0 hand axe (weapon)
The frilled lizard closely misses you.
Drop what? 7/52 slots (_ for help) (? for menu, Esc to quit)
You drop a +0 club.
The goblin barely misses you.
The frilled lizard bites you but does no damage.
A rat comes into view.
You closely miss the frilled lizard. You hit the ooze.
You hit the goblin but do no damage. The ooze hits you.
The goblin completely misses you. The frilled lizard bites you.
* * * LOW HITPOINT WARNING * * *
The ooze hits you.
* * * LOW HITPOINT WARNING * * *
You take 12 damage, and have 4/16 hp.
MASSIVE DAMAGE!!
The frilled lizard barely misses you. The goblin hits you with a club.
You die...

##+#..## ...#...# #.#
####...# #.# .......#
#.# .......#### ##.# .
.....รท....# #..## ..
#.#######.#####....
..# #.
#........###.#.# .
#####.......@....... .
##.!....###.#g.......
..............lJ......
########.....r...####.
...........g.......
#######..)..........
............#...##
.........####.....
..........! .....


You could see an ooze, 2 goblins, a frilled lizard and a rat.

Vanquished Creatures
  2 hobgoblins (D:1)
  A bat (D:1)
  2 rats (D:1)
5 creatures vanquished.

Notes
Turn   | Place    | Note
-------+----------+-------------------------------------------
     0 | D:1      | Monsterracer the Hill Orc Ice Elementalist began the quest for the Orb.
     0 | D:1      | Reached XP level 1. HP: 14/14 MP: 3/3
    36 | D:1      | HP: 7/15 [hobgoblin/club (2)]
    37 | D:1      | Reached skill level 1 in Fighting
   300 | D:1      | HP: 8/16 [frilled lizard (3)]
   305 | D:1      | Slain by a goblin

Skill      XL: |  1 |
---------------+----+-----
Fighting       | 1 |  1.4
Dodging        | |  1.5
Stealth        | |  1.5
Spellcasting   | |  1.5
Conjurations   | |  1.0
Ice Magic      | |  2.6

Action                   || total
-------------------------++-------
Melee: Unarmed           ||    10
       Hand axe          ||     1
 Cast: Freeze            ||     6
 Stab: Sleeping          ||     1
Armor: Robe              ||     4
Dodge: Dodged            ||    11

Vault maps used:
D:1:      minmay_arrival_three_doors
